[ PARTIDA AOE2 · #507276990 ]
UnrankedMongoles vs Chinese
Equipo del jugador · VICT
Equipo rival · DERR
[ ANÁLISIS DE REPETICIÓN · EXTRAÍDO DE LA PARTIDA GRABADA ]
Feudal
8:26
Castillos
24:20
Imperial
38:07
| APM promedio | 51.7 |
| APM pico | 80 |
| eAPM promedio | 29.6 |
| Aldeanos / militares | 174 / 152 |
Foco
⚔️ 47.3% · 🌾 52.7%
Scout Cavalry ×51 · Skirmisher ×31 · Spearman ×24 · Mangudai ×16 · Mangonel ×13 · Trebuchet (Packed) ×7
Feudal
8:16
Castillos
21:51
Imperial
35:57
| APM promedio | 62.4 |
| APM pico | 138 |
| eAPM promedio | 33.7 |
| Aldeanos / militares | 201 / 170 |
Foco
⚔️ 36.9% · 🌾 63.1%
Chu Ko Nu ×67 · Scout Cavalry ×44 · Skirmisher ×21 · Knight ×11 · Archer ×9 · Monk ×6
Mapa de la partida
Recursos iniciales + cada clic de construcción. Líneas = muros · curvas = relieve. ◆ oro · ⬟ piedra · ● bayas · ✦ reliquia · ◌ hueco del cierre
Tu base· ✓ Cerrada en 24:20 · 61t muro · 1 puerta(s)
Base de DS_cachivache· Abierta — el rival se encerró
Terreno inicial suavizado · ◌ = hueco del cierre detectado · pasá el cursor para detalles
Inputs por minuto
— Chili - - DS_cachivache
Build order — Chili
Primeras 150 de 561 acciones detectadas
| 0:00 | Encolar | Villager (Male) |
| 0:01 | Encolar | Villager (Male) |
| 0:02 | Construir | House |
| 0:03 | Construir | House |
| 0:08 | Encolar | Villager (Male) |
| 0:18 | Encolar | Villager (Male) |
| 1:32 | Encolar | Villager (Male) |
| 1:45 | Construir | Lumber Camp |
| 1:50 | Construir | Lumber Camp |
| 2:03 | Encolar | Villager (Male) |
| 2:08 | Encolar | Villager (Male) |
| 2:22 | Encolar | Villager (Male) |
| 2:44 | Encolar | Villager (Male) |
| 2:58 | Encolar | Villager (Male) |
| 3:13 | Encolar | Villager (Male) |
| 3:49 | Construir | House |
| 4:13 | Encolar | Villager (Male) |
| 4:30 | Encolar | Villager (Male) |
| 5:09 | Construir | Barracks |
| 5:12 | Encolar | Villager (Male) |
| 5:26 | Investigar | Loom |
| 5:45 | Construir | House |
| 6:15 | Investigar | Feudal Age |
| 6:26 | Encolar | Militia |
| 6:46 | Encolar | Militia |
| 6:59 | Construir | House |
| 7:11 | Encolar | Militia |
| 7:26 | Construir | Mill |
| 7:35 | Construir | Palisade Wall |
| 8:01 | Encolar | Villager (Male) |
| 8:13 | Construir | Palisade Wall |
| 8:26 | Edad | Edad Feudal |
| 8:37 | Investigar | Man-at-Arms (upgrade) |
| 8:59 | Construir | Archery Range |
| 9:03 | Construir | Mill |
| 9:05 | Encolar | Villager (Male) |
| 9:22 | Encolar | Villager (Male) |
| 9:34 | Construir | House |
| 9:35 | Construir | Palisade Wall |
| 9:44 | Construir | House |
| 9:51 | Encolar | Villager (Male) |
| 10:16 | Encolar | Skirmisher |
| 10:21 | Construir | Palisade Wall |
| 10:22 | Construir | Palisade Wall |
| 10:29 | Encolar | Skirmisher |
| 10:31 | Encolar | Villager (Male) |
| 10:42 | Construir | Farm |
| 10:43 | Encolar | Villager (Male) |
| 10:46 | Construir | Palisade Wall |
| 11:04 | Construir | Farm |
| 11:09 | Encolar | Skirmisher |
| 11:23 | Construir | Palisade Wall |
| 11:28 | Encolar | Villager (Male) |
| 11:29 | Construir | Farm |
| 11:36 | Construir | Palisade Wall |
| 11:41 | Construir | Palisade Wall |
| 11:57 | Encolar | Skirmisher |
| 12:10 | Encolar | Villager (Male) |
| 12:19 | Encolar | Skirmisher |
| 12:28 | Encolar | Villager (Male) |
| 12:30 | Investigar | Double-Bit Axe |
| 12:42 | Encolar | Villager (Male) |
| 12:51 | Encolar | Skirmisher |
| 13:03 | Construir | Farm |
| 13:03 | Encolar | Villager (Male) |
| 13:33 | Encolar | Skirmisher |
| 13:33 | Encolar | Villager (Male) |
| 13:45 | Construir | Farm |
| 13:46 | Construir | Farm |
| 13:47 | Encolar | Villager (Male) |
| 13:55 | Encolar | Skirmisher |
| 13:59 | Construir | Farm |
| 14:15 | Encolar | Skirmisher |
| 14:22 | Encolar | Villager (Male) |
| 14:27 | Construir | House |
| 14:28 | Construir | House |
| 14:34 | Encolar | Villager (Male) |
| 14:48 | Construir | Blacksmith |
| 14:49 | Construir | Palisade Wall |
| 15:02 | Encolar | Skirmisher |
| 15:03 | Encolar | Villager (Male) |
| 15:26 | Encolar | Villager (Male) |
| 15:27 | Encolar | Skirmisher |
| 15:30 | Encolar | Villager (Male) |
| 15:32 | Construir | Farm |
| 15:33 | Construir | Farm |
| 15:34 | Construir | Farm |
| 15:41 | Encolar | Skirmisher |
| 15:46 | Investigar | Fletching |
| 15:50 | Construir | Farm |
| 15:53 | Encolar | Villager (Male) |
| 16:09 | Encolar | Spearman |
| 16:10 | Encolar | Skirmisher |
| 16:26 | Encolar | Skirmisher |
| 16:27 | Encolar | Villager (Male) |
| 16:38 | Encolar | Skirmisher |
| 16:39 | Encolar | Spearman |
| 16:47 | Encolar | Villager (Male) |
| 16:57 | Construir | Farm |
| 16:59 | Construir | Farm |
| 16:59 | Construir | Farm |
| 17:05 | Encolar | Skirmisher |
| 17:16 | Construir | House |
| 17:49 | Encolar | Skirmisher |
| 17:50 | Encolar | Spearman |
| 17:59 | Construir | Lumber Camp |
| 18:00 | Encolar | Villager (Male) |
| 18:11 | Encolar | Spearman |
| 18:13 | Encolar | Skirmisher |
| 18:39 | Encolar | Villager (Male) |
| 18:51 | Encolar | Skirmisher |
| 18:51 | Encolar | Spearman |
| 18:54 | Construir | Mining Camp |
| 18:58 | Construir | House |
| 19:04 | Encolar | Spearman |
| 19:05 | Encolar | Skirmisher |
| 19:18 | Construir | House |
| 19:29 | Encolar | Villager (Male) |
| 19:31 | Investigar | Wheelbarrow |
| 19:54 | Construir | Lumber Camp |
| 19:58 | Encolar | Villager (Male) |
| 20:02 | Construir | Market |
| 20:14 | Construir | Palisade Wall |
| 20:46 | Construir | House |
| 21:10 | Construir | Farm |
| 21:35 | Encolar | Villager (Male) |
| 21:40 | Investigar | Castle Age |
| 21:43 | Encolar | Skirmisher |
| 21:52 | Construir | House |
| 22:11 | Encolar | Spearman |
| 22:17 | Investigar | Horse Collar |
| 22:26 | Encolar | Skirmisher |
| 22:28 | Encolar | Spearman |
| 22:31 | Investigar | Gold Mining |
| 22:39 | Construir | Palisade Wall |
| 22:42 | Encolar | Spearman |
| 23:00 | Encolar | Spearman |
| 23:02 | Investigar | Scale Mail Armor |
| 23:15 | Encolar | Spearman |
| 23:28 | Encolar | Skirmisher |
| 23:48 | Encolar | Spearman |
| 23:52 | Encolar | Villager (Male) |
| 23:58 | Encolar | Villager (Male) |
| 24:01 | Encolar | Spearman |
| 24:02 | Encolar | Villager (Male) |
| 24:07 | Construir | Farm |
| 24:11 | Construir | Palisade Gate |
| 24:20 | Edad | Edad de los Castillos |
| 24:23 | Investigar | Pikeman (upgrade) |
| 24:26 | Investigar | Pikeman (upgrade) |
Build order — DS_cachivache
Primeras 150 de 590 acciones detectadas
| 0:00 | Investigar | Loom |
| 0:37 | Encolar | Villager (Male) |
| 1:05 | Encolar | Villager (Male) |
| 1:29 | Encolar | Villager (Male) |
| 1:54 | Encolar | Villager (Male) |
| 2:03 | Construir | Lumber Camp |
| 2:19 | Encolar | Villager (Male) |
| 2:41 | Encolar | Villager (Male) |
| 3:00 | Construir | House |
| 3:11 | Encolar | Villager (Male) |
| 3:11 | Encolar | Villager (Male) |
| 3:29 | Encolar | Villager (Male) |
| 3:41 | Encolar | Villager (Male) |
| 3:53 | Encolar | Villager (Male) |
| 4:42 | Construir | Mill |
| 4:52 | Encolar | Villager (Male) |
| 5:01 | Encolar | Villager (Male) |
| 6:06 | Investigar | Feudal Age |
| 7:24 | Construir | Barracks |
| 7:29 | Construir | House |
| 7:50 | Construir | House |
| 8:03 | Encolar | Villager (Male) |
| 8:16 | Edad | Edad Feudal |
| 8:26 | Construir | Palisade Wall |
| 8:29 | Construir | Palisade Wall |
| 8:30 | Encolar | Villager (Male) |
| 8:39 | Construir | Palisade Wall |
| 8:58 | Construir | Farm |
| 9:02 | Construir | Archery Range |
| 9:02 | Encolar | Villager (Male) |
| 9:03 | Encolar | Villager (Male) |
| 9:12 | Encolar | Spearman |
| 9:16 | Construir | Farm |
| 9:17 | Encolar | Villager (Male) |
| 9:19 | Encolar | Villager (Male) |
| 9:23 | Encolar | Villager (Male) |
| 9:25 | Encolar | Villager (Male) |
| 9:49 | Construir | Mining Camp |
| 9:52 | Construir | Farm |
| 9:59 | Construir | House |
| 10:12 | Encolar | Archer |
| 10:14 | Encolar | Villager (Male) |
| 10:25 | Construir | Farm |
| 10:28 | Encolar | Villager (Male) |
| 10:29 | Encolar | Villager (Male) |
| 10:33 | Construir | House |
| 10:38 | Encolar | Villager (Male) |
| 10:41 | Encolar | Villager (Male) |
| 10:42 | Encolar | Archer |
| 10:51 | Construir | Farm |
| 11:18 | Construir | Palisade Wall |
| 11:20 | Encolar | Villager (Male) |
| 11:23 | Encolar | Archer |
| 11:49 | Encolar | Villager (Male) |
| 11:52 | Encolar | Archer |
| 12:00 | Construir | Mill |
| 12:14 | Encolar | Villager (Male) |
| 12:15 | Encolar | Archer |
| 12:19 | Construir | Lumber Camp |
| 12:41 | Encolar | Villager (Male) |
| 12:44 | Encolar | Archer |
| 13:14 | Construir | Palisade Wall |
| 13:22 | Encolar | Villager (Male) |
| 13:25 | Construir | Stable |
| 13:28 | Encolar | Villager (Male) |
| 13:40 | Construir | Farm |
| 13:41 | Construir | Farm |
| 13:42 | Encolar | Villager (Male) |
| 13:46 | Construir | House |
| 13:48 | Encolar | Villager (Male) |
| 13:58 | Encolar | Villager (Male) |
| 14:00 | Encolar | Villager (Male) |
| 14:01 | Encolar | Scout Cavalry |
| 14:07 | Construir | House |
| 14:09 | Encolar | Villager (Male) |
| 14:10 | Encolar | Scout Cavalry |
| 14:12 | Encolar | Scout Cavalry |
| 14:21 | Encolar | Archer |
| 14:26 | Construir | Farm |
| 14:28 | Encolar | Villager (Male) |
| 14:30 | Encolar | Villager (Male) |
| 14:31 | Encolar | Scout Cavalry |
| 14:37 | Encolar | Villager (Male) |
| 14:46 | Construir | Farm |
| 14:49 | Encolar | Archer |
| 14:51 | Encolar | Villager (Male) |
| 15:22 | Encolar | Scout Cavalry |
| 15:27 | Encolar | Scout Cavalry |
| 15:36 | Construir | Blacksmith |
| 15:46 | Construir | Farm |
| 15:46 | Construir | Farm |
| 15:47 | Encolar | Villager (Male) |
| 15:49 | Construir | Farm |
| 15:50 | Construir | Farm |
| 15:51 | Construir | Farm |
| 15:52 | Encolar | Villager (Male) |
| 16:02 | Construir | Palisade Wall |
| 16:02 | Encolar | Villager (Male) |
| 16:18 | Construir | House |
| 16:24 | Encolar | Scout Cavalry |
| 16:35 | Investigar | Fletching |
| 16:36 | Investigar | Fletching |
| 16:47 | Encolar | Villager (Male) |
| 16:50 | Construir | Farm |
| 16:51 | Construir | Farm |
| 16:54 | Construir | House |
| 17:06 | Encolar | Archer |
| 17:06 | Encolar | Scout Cavalry |
| 17:07 | Encolar | Villager (Male) |
| 17:18 | Construir | Palisade Wall |
| 17:26 | Construir | House |
| 17:28 | Encolar | Villager (Male) |
| 17:51 | Construir | House |
| 17:53 | Encolar | Villager (Male) |
| 17:54 | Construir | Farm |
| 18:07 | Encolar | Villager (Male) |
| 18:10 | Construir | House |
| 18:25 | Encolar | Villager (Male) |
| 18:50 | Encolar | Scout Cavalry |
| 18:55 | Construir | Farm |
| 18:57 | Construir | Farm |
| 18:58 | Construir | Farm |
| 19:05 | Construir | Palisade Wall |
| 19:11 | Construir | Farm |
| 19:11 | Investigar | Castle Age |
| 19:51 | Construir | House |
| 20:02 | Construir | Mining Camp |
| 20:12 | Investigar | Gold Mining |
| 20:12 | Investigar | Gold Mining |
| 20:38 | Investigar | Bloodlines |
| 20:39 | Investigar | Scale Barding Armor |
| 20:41 | Encolar | Villager (Male) |
| 21:00 | Construir | Stable |
| 21:12 | Encolar | Villager (Male) |
| 21:20 | Construir | Palisade Gate |
| 21:39 | Encolar | Villager (Male) |
| 21:42 | Construir | Palisade Wall |
| 21:46 | Encolar | Villager (Male) |
| 21:51 | Edad | Edad de los Castillos |
| 21:52 | Encolar | Knight |
| 21:52 | Encolar | Knight |
| 21:53 | Investigar | Double-Bit Axe |
| 21:53 | Investigar | Double-Bit Axe |
| 22:00 | Construir | Monastery |
| 22:01 | Encolar | Villager (Male) |
| 22:05 | Encolar | Knight |
| 22:06 | Encolar | Knight |
| 22:19 | Construir | House |
| 22:26 | Encolar | Knight |
| 22:37 | Encolar | Villager (Male) |
Cronología de la partida
| 5:09 | Chili · first_building Barracks |
| 7:24 | DS_cachivache · first_building Barracks |
| 7:35 | Chili · wall_segment Palisade Wall x2 |
| 8:13 | Chili · wall_segment Palisade Wall x1 |
| 8:16 | DS_cachivache · age_up feudal |
| 8:26 | Chili · age_up feudal |
| 8:26 | DS_cachivache · wall_segment Palisade Wall x2 |
| 8:29 | DS_cachivache · wall_segment Palisade Wall x2 |
| 8:39 | DS_cachivache · wall_segment Palisade Wall x2 |
| 8:59 | Chili · first_building Archery Range |
| 9:02 | DS_cachivache · first_building Archery Range |
| 9:35 | Chili · wall_segment Palisade Wall x4 |
| 10:21 | Chili · wall_segment Palisade Wall x3 |
| 10:22 | Chili · wall_segment Palisade Wall x7 |
| 10:46 | Chili · wall_segment Palisade Wall x9 |
| 11:18 | DS_cachivache · wall_segment Palisade Wall x1 |
| 11:23 | Chili · wall_segment Palisade Wall x9 |
| 11:36 | Chili · wall_segment Palisade Wall x5 |
| 11:41 | Chili · wall_segment Palisade Wall x18 |
| 13:14 | DS_cachivache · wall_segment Palisade Wall x23 |
| 13:25 | DS_cachivache · first_building Stable |
| 14:49 | Chili · wall_segment Palisade Wall x7 |
| 16:02 | DS_cachivache · wall_segment Palisade Wall x17 |
| 17:18 | DS_cachivache · wall_segment Palisade Wall x10 |
| 19:05 | DS_cachivache · wall_segment Palisade Wall x1 |
| 20:14 | Chili · wall_segment Palisade Wall x1 |
| 21:13 | Chili · first_market_sell 500 wood |
| 21:13 | Chili · first_market_buy 100 food |
| 21:42 | DS_cachivache · wall_segment Palisade Wall x6 |
| 21:51 | DS_cachivache · age_up castle |
| 22:00 | DS_cachivache · first_building Monastery |
| 22:39 | Chili · wall_segment Palisade Wall x1 |
| 24:20 | Chili · age_up castle |
| 25:26 | Chili · wall_segment Palisade Wall x1 |
| 27:19 | Chili · first_building Monastery |
| 27:58 | DS_cachivache · first_building Siege Workshop |
| 28:33 | Chili · wall_segment Palisade Wall x2 |
| 29:08 | Chili · wall_segment Palisade Wall x1 |
| 29:31 | Chili · wall_segment Stone Wall x1 |
| 29:31 | Chili · wall_segment Stone Wall x1 |
| 31:28 | DS_cachivache · first_building Castle |
| 31:47 | Chili · wall_segment Palisade Wall x1 |
| 33:09 | Chili · wall_segment Palisade Wall x6 |
| 33:24 | Chili · first_building Castle |
| 35:34 | DS_cachivache · wall_segment Stone Wall x1 |
| 35:46 | Chili · first_building Stable |
| 35:57 | DS_cachivache · age_up imperial |
| 36:52 | DS_cachivache · first_market_buy 100 stone |
| 38:07 | Chili · age_up imperial |
| 40:26 | Chili · first_building Siege Workshop |
| 44:08 | Chili · wall_segment Stone Wall x4 |
| 45:27 | Chili · wall_segment Stone Wall x2 |
| 45:28 | Chili · wall_segment Stone Wall x3 |
| 50:17 | DS_cachivache · resign |
[ ANÁLISIS IA · 1 CRÉDITO ]
¿Qué pasó realmente en esta partida?
Wolo.gg analiza cada decisión: build order, eco, micro, errores típicos por bracket. Análisis personalizado por WhatsApp o Discord en 30 segundos.
Guía civ
Mongoles
Perfil
Jugador #2961689